 Dungeon Crawl Stone Soup version 0.29-a0-289-g2178c42546 (webtiles) character file.

Game seed: 9464485463069466050

49 kae the Chopper (level 3, -2/33 HPs)
             Began as a Hill Orc Fighter on Mar 17, 2022.
             Slain by an iguana (9 damage)
             ... on level 2 of the Dungeon.
             The game lasted 00:00:32 (1139 turns).

kae the Chopper (Hill Orc Fighter)                  Turns: 1139, Time: 00:00:32

Health: -2/33      AC:  6    Str: 20    XL:     3   Next: 77%
Magic:  3/3        EV:  9    Int:  8    God:
Gold:   69         SH:  4    Dex: 10    Spells: 2/2 levels left

rFire   . . .      SeeInvis .   a - +0 war axe
rCold   . . .      Faith    .   c - +0 buckler
rNeg    . . .      Spirit   .   b - +0 scale mail
rPois   .          Reflect  .   (no helmet)
rElec   .          Harm     .   (no cloak)
rCorr   .          Rampage  .   (no gloves)
Will    .....                   (no boots)
Stlth   ..........              (no amulet)
HPRegen 0.11/turn               e - +4 ring of slaying
MPRegen 0.08/turn               (no ring)

@: no status effects
A: no striking features
a: no special abilities


You were on level 2 of the Dungeon.
You visited 1 branch of the dungeon, and saw 2 of its levels.

You collected 69 gold pieces.

Inventory:

Hand Weapons
 a - a +0 war axe (weapon)
Missiles
 g - 2 throwing nets (quivered)
Armour
 b - a +0 scale mail (worn)
 c - a +0 buckler (worn)
Jewellery
 e - a +4 ring of slaying (left hand)
Scrolls
 h - a scroll of identify {unknown}
Potions
 d - a potion of might
 f - 2 potions of lignification {unknown}
 i - a potion of mutation {unknown}
 j - a potion of curing {unknown}


   Skills:
 + Level 4.3 Fighting
 * Level 4.6 Axes
 - Level 3.2 Armour
 - Level 3.2 Shields


You had 2 spell levels left.
You didn't know any spells.
Your spell library was empty.

Dungeon Overview and Level Annotations

Branches:
Dungeon (2/15)

Altars:


Message History

a +0 club; a goblin corpse Key pressed, stopping explore.
No target in view!
No target in view!
You now have 69 gold pieces (gained 13).
An iguana comes into view.
The iguana hisses angrily.
You see here a potion of might.
Found 5 gold pieces.
The iguana bites you.
An iguana is nearby!
You barely miss the iguana. The iguana bites you.
You closely miss the iguana. The iguana bites you.
An iguana is nearby!
You barely miss the iguana.
The iguana bites you but does no damage.
The iguana bites you!
You are too injured to fight recklessly!
An iguana is nearby!
You are too injured to fight recklessly!
You are too injured to fight recklessly!
An iguana is nearby!
You are too injured to fight recklessly!
You are too injured to fight recklessly!
An iguana is nearby!
You hit the iguana.
The iguana is moderately wounded.
The iguana barely misses you.
You hit the iguana.
The iguana is heavily wounded.
The iguana bites you but does no damage.
You closely miss the iguana.
The iguana is heavily wounded.
The iguana closely misses you.
You slash the iguana!
The iguana is almost dead.
The iguana bites you.
* * * LOW HITPOINT WARNING * * *
The iguana bites you!
You die...

......... #... ......#..
#... ......... ...#
......... ...# ....##..#..
#.. #^# .# #.....
#.####...# #.....
#$..l..##. #.##.. ####.@#
##. #.###.
######..!.#####..#####.###.
.............#..#...#...#..
.........###.#.#...........
.............#...)..)†.....
.........##................
#########..................
##...................
#.............#......


You could see an iguana.

Vanquished Creatures
  An adder (D:2)
  A dart slug (D:2)
  3 endoplasms
  3 giant cockroaches (D:1)
  3 goblins
  5 hobgoblins (D:1)
  2 quokkas (D:1)
  4 ball pythons (D:1)
  6 bats
  2 frilled lizards
  3 kobolds
  3 rats (D:1)
36 creatures vanquished.

Notes
Turn   | Place    | Note
-------+----------+-------------------------------------------
     0 | D:1      | kae the Hill Orc Fighter began the quest for the Orb.
     0 | D:1      | Reached XP level 1. HP: 19/19 MP: 1/1
   319 | D:1      | Reached XP level 2. HP: 23/27 MP: 2/2
   692 | D:1      | Found a faded altar of an unknown god.
   860 | D:1      | Reached XP level 3. HP: 33/33 MP: 3/3
  1139 | D:2      | Slain by an iguana

Illustrated notes

Levels and vault maps discovered:
D:1:      sevenhm_arrival_forest_fort_small_5, layout_basic,
          shapermc_ecumenical_altar_mp_ritualfount
D:2:      layout_rooms, uniq_crazy_yiuf_cottage

Skill      XL: |  1  2 |
---------------+-------+-----
Axes           | 3 4 |  4.6
Fighting       | 4 |  4.3
Armour         | |  3.2
Shields        | |  3.2

Action                   || total
-------------------------++-------
Melee: War axe           ||    77
  Use: Scroll            ||     1
Armor: Scale mail        ||    37
Dodge: Dodged            ||    36
Block: Buckler           ||    22

Table legend: (Time is in decaauts)
 A = Elapsed time spent in this place.
 B = Non-inter-level travel time spent in this place.
 C = Inter-level travel time spent in this place.
 D = Time resting spent in this place.
 E = Time spent auto-exploring this place.
 F = Levels seen in this place.
 G = Mean time per level.
                   A        B        C        D        E       F      G
               +--------+--------+--------+--------+--------+-----+--------+
         Total |   1174 |   1144 |     30 |    269 |    666 |   2 |  587.0 |
       Dungeon |   1174 |   1144 |     30 |    269 |    666 |   2 |  587.0 |
               +--------+--------+--------+--------+--------+-----+--------+

Top non-repeatable levels by time:
     D:1: 1055 daAuts
     D:2: 118 daAuts
